Map: Nightshade LE

Players

Cambam

  • Race: Terran Terran
  • League: Diamond
  • Spawn Location: 11:00

Aura - Winner!

  • Race: Protoss Protoss
  • League: Platinum
  • Spawn Location: 5:00

VOD

Have the link to the VOD?

Description

Time

  • Played on: May 30, 2020, 4:25 p.m.
  • Length: 18:31
Show
View Real Time Build Order
Export as new Build Order

Cambam Terran 

Build Orders:  

Get SALT Encoding   

  12  0:00  SCV  
  13  0:13  SCV  
  14  0:17  Supply Depot  
  14  0:25  SCV  
  15  0:39  SCV  
  15  0:40  Barracks  
  16  0:51  SCV  
  16  0:52  Refinery  
  17  1:03  SCV  
  18  1:15  SCV  
  19  1:27  Orbital Command  
  19  1:37  Command Center  
  19  1:40  Barracks Tech Lab  
  19  1:52  SCV  
  20  2:04  Stimpack, Supply Depot  
  20  2:05  SCV  
  20  2:06  Marine  
  22  2:17  SCV  
  23  2:27  Marine  
  24  2:31  Barracks  
  24  2:34  Barracks  
  25  2:37  SCV  
  25  2:48  Marine  
  25  2:50  Orbital Command  
  26  2:59  SCV  
  27  3:06  Marine  
  27  3:11  SCV  
  29  3:17  SCV  
  30  3:21  Barracks Reactor  
  30  3:22  Barracks Reactor  
  30  3:24  SCV  
  31  3:29  Barracks  
  31  3:30  Marine, Barracks  
  31  3:31  SCV  
  33  3:36  SCV  
  33  3:38  Supply Depot  
  34  3:44  Combat Shield  
  34  3:46  SCV  
  34  3:48  Marine  
  36  3:50  SCV  
  37  3:59  SCV  
  37  4:01  Marine x4  
  37  4:02  SCV  
  43  4:06  Marine  
  43  4:09  Barracks x2  
  44  4:13  SCV  
  44  4:14  SCV, Supply Depot  
  46  4:17  Barracks Reactor  
  46  4:18  Barracks Reactor  
  46  4:21  Marine, Supply Depot  
  46  4:22  Marine x3  
  46  4:23  Marine  
  51  4:30  SCV x2  
  53  4:41  Supply Depot  
  53  4:46  Marine x4  
  53  4:47  Marine  
  58  4:56  Barracks Reactor  
  58  4:57  Marine, Barracks Reactor  
  58  4:58  Marine x3  
  62  5:03  Marine, Supply Depot  
  62  5:04  Marine x4  
  67  5:17  Marine x4  
  71  5:21  Marine x2  
  71  5:22  Marine x3  
  71  5:23  Supply Depot  
  76  5:28  Supply Depot  
  76  5:34  Marine x4  
  76  5:35  Marine x4  
  81  5:39  Marine x2  
  86  5:44  Marine x2  
  86  5:45  Marine, Supply Depot  
  86  5:52  Supply Depot  
  86  5:59  Marine x9  
  86  6:00  Marine  
  86  6:02  Marine x2  
  91  6:15  Supply Depot  
  80  6:19  Marine x7  
  80  6:20  Marine x3  
  80  6:22  Marine x3  
  80  6:23  Barracks  
  93  6:38  Supply Depot  
  86  6:40  Marine  
  86  6:41  Marine x9  
  86  6:42  Marine x3  
  78  6:58  Marine x7  
  78  6:59  Marine x4  
  78  7:00  Marine x2  
  91  7:18  Marine x12  
  91  7:21  Barracks Reactor  
  91  7:22  Marine  
  73  7:44  Marine x11  
  73  7:45  Marine x2  
  76  8:05  Marine x12  
  77  8:06  Marine  
  77  8:07  Marine x2  
  91  8:22  Barracks x2  
  91  8:23  Marine x11  
  91  8:25  Marine  
  91  8:26  Marine x2  
  105  8:29  Marine  
  67  8:56  Marine x11  
  67  8:57  Marine x4  
  56  9:36  Marine x11  
  56  9:37  Marine x3  
  56  9:38  Marine  
  67  9:43  Refinery  
  67  9:44  Refinery  
  67  9:46  Refinery  
  67  9:50  Factory  
  67  9:55  Barracks Reactor x2  
  67  10:01  Marine x12  
  67  10:02  Marine x2  
  67  10:03  Marine  
  67  10:25  Marine  
  67  10:26  Marine x10  
  67  10:27  Marine x3  
  67  10:28  Marine  
  82  10:35  Starport, Factory Reactor  
  82  10:52  Command Center  
  68  11:21  Marine x13  
  68  11:22  Marine  
  66  11:38  Marine x6  
  66  11:39  Marine x7  
  64  11:56  Marine x5  
  64  11:57  Marine  
  64  12:00  Marine  
  71  12:01  Marine  
  71  12:03  Marine  
  71  12:05  Marine  
  74  12:11  Orbital Command  
  74  12:19  SCV x2  
  76  12:32  SCV  
  76  12:33  Marine, SCV  
  76  12:34  Marine x5  
  84  12:38  SCV  
  85  12:46  Starport  
  85  12:54  Factory Tech Lab  
  85  12:57  Marine  
  85  12:58  Marine x10  
  95  13:10  Viking  
  95  13:11  Viking  
  99  13:22  Starport Reactor  
  99  13:34  Marine x4  
  99  13:35  Marine x8  
  99  13:36  Marine x2  
  99  13:37  Marine x3  
  116  13:41  Viking x2  
  116  13:42  Refinery  
  120  14:06  Supply Depot  
  120  14:08  Viking  
  120  14:09  Viking  
  124  14:11  Viking x2  
  128  14:29  Supply Depot  
  128  14:38  Viking x2  
  128  14:41  Viking x2  
  136  14:52  Supply Depot  
  136  14:57  Command Center  
  136  15:04  Supply Depot  
  136  15:08  Viking x2  
  136  15:11  Viking x2  
  144  15:25  Refinery  
  144  15:27  Supply Depot  
  144  15:38  Viking x2  
  144  15:41  Viking x2  
  152  15:50  Supply Depot  
  152  15:51  Marine x9  
  152  15:52  Marine  
  162  15:59  Marine x4  
  162  16:01  Marine  
  167  16:18  Marine  
  167  16:19  Marine x13  
  146  16:40  Marine x11  
  110  16:59  Marine x5  
  110  17:00  Marine x5  
  61  17:17  Marine  
  61  17:18  Marine x4  
  61  17:19  Marine  
  57  17:34  Marine x3  
Show
View Real Time Build Order
Export as new Build Order

Aura Protoss - Winner!

Build Orders: Colossus Rush 

Get SALT Encoding   

  12  0:01  Probe  
  13  0:13  Probe  
  14  0:19  Pylon  
  14  0:25  Probe  
  15  0:37  Probe  
  15  0:39  Gateway  
  17  0:50  Probe  
  17  1:02  Probe  
  18  1:06  Assimilator  
  18  1:14  Probe  
  19  1:19  Assimilator  
  19  1:26  Probe  
  19  1:28  Cybernetics Core  
  20  1:38  Probe (Chrono Boost)  
  21  1:45  Assimilator  
  21  1:47  Nexus  
  21  1:50  Probe (Chrono Boost)  
  22  1:58  Probe (Chrono Boost)  
  23  2:01  Pylon  
  23  2:10  Warp Gate (Chrono Boost)  
  23  2:19  Stalker (Chrono Boost), Probe  
  26  2:31  Twilight Council  
  26  2:32  Probe  
  26  2:35  Pylon  
  27  2:44  Probe  
  28  2:46  Stalker (Chrono Boost)  
  31  2:59  Probe (Chrono Boost)  
  31  3:00  Probe (Chrono Boost)  
  32  3:09  Probe (Chrono Boost)  
  32  3:12  Probe (Chrono Boost)  
  34  3:19  Probe (Chrono Boost)  
  36  3:20  Probe (Chrono Boost)  
  36  3:25  Probe x2 (Chrono Boost)  
  38  3:29  Stalker  
  40  3:35  Robotics Facility  
  40  3:36  Probe, Charge (Chrono Boost)  
  40  3:37  Probe  
  43  3:48  Probe  
  43  3:49  Probe  
  43  3:55  Assimilator  
  44  3:57  Assimilator  
  44  4:00  Probe  
  44  4:01  Probe  
  46  4:10  Gateway  
  46  4:12  Gateway  
  46  4:13  Probe  
  46  4:14  Stalker  
  46  4:15  Gateway  
  49  4:25  Probe  
  49  4:28  Robotics Bay  
  49  4:30  Observer  
  51  4:38  Probe  
  52  4:41  Pylon  
  52  4:44  Pylon  
  52  4:50  Probe  
  53  5:02  Probe  
  54  5:09  Blink  
  54  5:11  Colossus (Chrono Boost)  
  54  5:19  Extended Thermal Lance (Chrono Boost)  
  60  5:25  Zealot x4  
  68  5:41  Pylon  
  68  5:45  Pylon  
  60  5:50  Pylon  
  60  5:51  Zealot x4  
  57  6:19  Zealot x4  
  65  6:30  Pylon  
  65  6:31  Colossus (Chrono Boost)  
  65  6:33  Pylon  
  59  6:52  Zealot  
  59  6:53  Zealot x3  
  67  7:10  Zealot x2  
  67  7:13  Zealot x2  
  75  7:17  Shield Battery, Colossus  
  75  7:18  Shield Battery  
  63  7:31  Zealot x2  
  63  7:33  Zealot x2  
  61  7:58  Gateway  
  61  7:59  Gateway  
  61  8:01  Gateway  
  61  8:02  Zealot  
  61  8:03  Zealot x3, Gateway  
  69  8:15  Gateway  
  69  8:17  Gateway  
  69  8:23  Zealot x4  
  67  8:49  Zealot x4  
  73  9:01  Zealot  
  73  9:02  Zealot x3  
  81  9:17  Pylon, Zealot  
  81  9:18  Zealot x5  
  81  9:20  Pylon  
  81  9:23  Pylon  
  87  9:29  Pylon  
  73  9:34  Zealot x3  
  73  9:35  Zealot  
  81  9:39  Zealot  
  81  9:40  Zealot x5  
  93  10:00  Nexus  
  93  10:10  Pylon  
  91  10:25  Pylon  
  91  10:32  Zealot x6  
  91  10:33  Zealot  
  91  10:35  Zealot  
  107  10:47  Colossus  
  111  11:57  Nexus  
  111  12:29  Zealot x7  
  125  12:30  Zealot x3  
  131  13:26  Zealot x6  
  131  13:27  Zealot x4  
  145  13:28  Colossus (Chrono Boost)  
  157  13:45  Robotics Facility  
  157  14:25  Pylon  
  157  14:27  Pylon  
  157  14:30  Pylon  
  157  14:33  Pylon  
  157  14:37  Pylon  
  157  14:40  Colossus (Chrono Boost)  
  163  14:46  Zealot x5  
  163  14:48  Zealot x4  
  163  14:51  Zealot  
  183  15:07  Zealot x2  
  183  15:08  Zealot x3  
  183  15:09  Zealot x2  
  197  15:17  Pylon  
  197  15:33  Pylon  
  197  15:41  Pylon, Zealot  
  199  15:52  Pylon  
  141  16:40  Stalker x5  
  141  16:41  Stalker x5  
  111  17:04  Stalker x6  
  111  17:05  Stalker x4  
  103  17:37  Zealot x3  
  103  17:38  Zealot x7  
Tags
 
Add a new tag
Caveats
  • Supply blocks, unpowered buildings, or Contaminate may cause inaccurate times.
  • Supply counts are checked every 10 seconds.